 Dungeon Crawl Stone Soup version 0.28.0-53-g5a82cb258f (webtiles) character file.

Game seed: 6353906777365850154

77 Plasmagod the Ducker (level 4, -2/21 HPs)
             Began as a Felid Berserker on July 14, 2022.
             Was a Believer of Trog.
             Slain by Duvessa
             ... wielding a +0 rapier
              (10 damage)
             ... on level 4 of the Dungeon.
             The game lasted 00:15:57 (3895 turns).

Plasmagod the Ducker (Felid Berserker)              Turns: 3895, Time: 00:15:57

Health: -2/21      AC:  1    Str: 15    XL:     4   Next: 13%
Magic:  0/5        EV: 19    Int:  8    God:    Trog [**....]
Gold:   145        SH:  0    Dex: 15    Spells: 3/3 levels left
                                        Lives:  0   Deaths: 1

rFire   x . .      SeeInvis +     - Unarmed
rCold   + . .      Faith    .   (shield unavailable)
rNeg    . . .      Spirit   +   (armour unavailable)
rPois   .          Reflect  .   (helmet unavailable)
rElec   .          Harm     .   (cloak unavailable)
rCorr   .          Rampage  .   (gloves unavailable)
Will    .....                   (boots unavailable)
Stlth   ++........              g - amulet of guardian spirit
HPRegen 0.07/turn               m - ring of ice
MPRegen 0.09/turn               (no ring)

@: mighty, brilliant, on berserk cooldown, slowed, slow
A: very small, claws 1, fangs 3, see invisible, speed 1, shaggy fur 1, stealthy
paws, no weapons or thrown items, no armour, multi-lived
a: Renounce Religion, Berserk, Trog's Hand


You were on level 4 of the Dungeon.
You worshipped Trog.
Trog was pleased with you.
You visited 1 branch of the dungeon, and saw 4 of its levels.

You collected 145 gold pieces.

Inventory:

Jewellery
 g - an amulet of guardian spirit (around neck)
 m - a ring of ice (left paw)
 n - a +6 ring of strength
Wands
 i - a wand of flame (26)
Scrolls
 a - a scroll of enchant weapon
 c - 2 scrolls of immolation
Potions
 h - 2 potions of invisibility


   Skills:
 + Level 3.5 Fighting
 + Level 4.8 Dodging
 * Level 2.5 Stealth
 + Level 4.5 Unarmed Combat


You had 3 spell levels left.
You didn't know any spells.
Your spell library was empty.

Dungeon Overview and Level Annotations

Branches:
Dungeon (4/15)
 Temple: D:4-7

Altars:
Hepliaklqana
Kikubaaqudgha
Nemelex Xobeh
Xom
Zin

Shops:
D:1 [

Annotations:
D:3 1 runed translucent door, Dadi's ghost, amateur GrFi
D:4 Dowan; Duvessa; Robin


Innate Abilities, Weirdness & Mutations

You have sharp claws.
You have razor-sharp teeth.
You have supernaturally acute eyesight. (SInv)
You cover ground quickly. (Speed+)
You are covered in fur. (AC +1)
Your paws help you pounce on unaware monsters.
You are incapable of wielding weapons or throwing items.
You cannot wear armour.
You gain extra lives every three experience levels.


Message History

Found a stone staircase leading down.
There is an open door here.
A necrophage comes into view.
You close the door.
Duvessa opens the door.
You close the door.
Duvessa opens the door.
It was a potion of brilliance.
You feel clever all of a sudden.
The goblin shouts! x2; You hear a shout!
Duvessa shouts!
It was a potion of curing.
You feel better.
The goblin shouts! x2; You hear a shout! x2
It was a potion of might.
You feel very mighty all of a sudden.
A red film seems to cover your vision as you go berserk!
You feel yourself moving faster!
You feel mighty! Duvessa hits you with a +0 rapier.
You completely miss Duvessa. Duvessa hits you with a +0 rapier!
The necrophage completely misses you.
You feel a strong urge to attack something.
You feel your anger nearly subside.
There is an open door here.
You are no longer berserk.
You are exhausted.
You feel yourself slow down.
You scratch Duvessa.
Duvessa is lightly wounded.
Duvessa barely misses you. The necrophage completely misses you.
You scratch Duvessa.
Duvessa is lightly wounded.
Duvessa barely misses you. The necrophage closely misses you.
Duvessa closely misses you. The necrophage misses you.
You claw Duvessa!
Duvessa is moderately wounded.
The necrophage closely misses you. Duvessa completely misses you.
You claw Duvessa!
Duvessa is severely wounded.
Duvessa hits you with a +0 rapier! The necrophage closely misses you.
You scratch Duvessa.
Duvessa is almost dead.
Duvessa hits you with a +0 rapier!
You die...

#.................#
#.................#
#............######
#.....########
##....##.....##.
##....#.........
#.....#g.........
#.....#n..........
#.....@egg.........
##....##gg...##...#####
#.....##.....##...##...
#.....##g######........
#.....##gg...##........
#......#gge...#........
#......#.....g#........
#.<....'....).'o.......
########...####...###..


You could see Duvessa, a necrophage and 5 goblins.

Vanquished Creatures
  Terence (D:3)
  A hound skeleton (D:4)
  2 adders
  A white imp (D:3)
  2 adder skeletons (D:4)
  2 worms (D:2)
  4 ball pythons
  4 bats
  6 endoplasms
  A giant cockroach (D:2)
  7 goblins
  7 hobgoblins
  4 quokkas
  8 frilled lizards
  12 kobolds
  3 rats
65 creatures vanquished.

Vanquished Creatures (others)
  2 withered plants (D:3)
2 creatures vanquished.

Grand Total: 67 creatures vanquished

Notes
Turn   | Place    | Note
-------+----------+-------------------------------------------
     0 | D:1      | Plasmagod the Felid Berserker began the quest for the Orb.
     0 | D:1      | Reached XP level 1. HP: 10/10 MP: 2/2
    93 | D:1      | Reached XP level 2. HP: 7/14 MP: 3/3
   894 | D:1      | Found a faded altar of an unknown god.
   947 | D:1      | Found Mogysh's Antique Armour Emporium.
  1216 | D:2      | Reached XP level 3. HP: 10/17 MP: 2/4
  1414 | D:2      | Reached ** piety under Trog
  2159 | D:2      | Reached skill level 1 in Stealth
  2300 | D:3      | Found a shimmering altar of Xom.
  2302 | D:3      | Found a sparkling altar of Nemelex Xobeh.
  2303 | D:3      | Found a glowing silver altar of Zin.
  2303 | D:3      | Found an ancient bone altar of Kikubaaqudgha.
  2304 | D:3      | Found a hazy altar of Hepliaklqana.
  2356 | D:3      | Reached XP level 4. HP: 14/21 MP: 2/5
  2712 | D:3      | Found a runed translucent door.
  2712 | D:3      | Noticed Dadi's ghost (amateur GrFi)
  2803 | D:3      | Noticed Terence
  3031 | D:3      | Killed Terence
  3270 | D:4      | Noticed Robin
  3293 | D:4      | Noticed Duvessa
  3293 | D:4      | Noticed Dowan
  3336 | D:4      | Noticed a bullfrog
  3780 | D:4      | Succumbed to an orc wizard's poison
  3781 | D:4      | Reached XP level 3. HP: -1/17 MP: 1/4
  3797 | D:4      | Reached XP level 4. HP: 16/21 MP: 3/5
  3878 | D:4      | Noticed a necrophage
  3895 | D:4      | Slain by Duvessa

Illustrated notes

Levels and vault maps discovered:
D:1:      lemuel_arrival_broad_hall, layout_rooms, serial_shops,
          nicolae_shop_temple_entry_statues_fountains,
          hellmonk_ecumenical_altar_blasted
D:2:      layout_loops_cross
D:3:      layout_rooms, grunt_temple_overflow_open, gammafunk_ghost_grave,
          uniq_terence
D:4:      layout_gridville, uniq_duvessa, uniq_robin

Skill      XL: |  1  2  3  4 |
---------------+-------------+-----
Stealth        | 1 2 |  2.5
Unarmed Combat | 4 |  4.5
Fighting       | |  3.5
Dodging        | |  4.8

Action                   |  1- 3 |  4- 6 || total
-------------------------+-------+-------++-------
Melee: Unarmed           |   130 |    54 ||   184
       Bite              |    20 |     3 ||    23
       Punch             |     3 |     1 ||     4
Invok: Berserk           |     1 |     2 ||     3
  Use: Scroll            |       |     9 ||     9
       Potion            |       |     4 ||     4
 Stab: Sleeping          |     1 |     1 ||     2
Armor: Skin              |     4 |     3 ||     7
Dodge: Dodged            |    62 |    35 ||    97
